PR
CROWLEY CAJUNS @ TWINSBURG TIGERS
07/20/2042
 
TOP OF THE 1ST
Crowley Cajuns batting - Pitching for Twinsburg Tigers : RHP Billy Ramsey
Pitching: RHP Billy Ramsey
Batting: RHB Jślio Muńóz 0-0: Ball
1-0: Ball
2-0: Swinging Strike
2-1: Ball
3-1: Base on Balls
Batting: RHB Noel Bourke Pickoff Throw to First - Error! E1
Jślio Muńóz to second
0-0: Called Strike
0-1: Swinging Strike
0-2: SINGLE (Line Drive, 8RS, EV 90.6 MPH)
Jślio Muńóz to third
Batting: RHB Shuan-yan Bu 0-0: Called Strike
0-1: Foul Ball, location: 2F
0-2: Strikes out looking
Batting: RHB Maurice Wrightson 0-0: Ball
1-0: Called Strike
1-1: Swinging Strike
1-2: Ball
2-2: Ball
3-2: Fly out, F8 (Flyball, 8LXD, EV 91.9 MPH)
Runner from 3rd tags up, SCORES, no throw by CF
Batting: RHB Allan Selkirk 0-0: Foul Ball, location: 2F
0-1: Ball
1-1: Fly out, F9 (Flyball, 9LD, EV 97.5 MPH)
Top of the 1st over - 1 run, 1 hit, 1 error, 1 left on base; Crowley 1 - Twinsburg 0
BOTTOM OF THE 1ST
Twinsburg Tigers batting - Pitching for Crowley Cajuns : RHP Russ T. Nayle
Pitching: RHP Russ T. Nayle
Batting: RHB Alex Kelley 0-0: Ball
1-0: Ground out 3-1 (Groundball, 3S, EV 81.2 MPH)
Batting: RHB Roland Thomas 0-0: Ball
1-0: Called Strike
1-1: Ball
2-1: Foul Ball, location: 2F
2-2: Foul Ball, location: 2F
2-2: Ground out 5-3 (Groundball, 56, EV 90.0 MPH)
Batting: LHB Ray Winters 0-0: TRIPLE (Line Drive, 89XD, EV 104.4 MPH)
Batting: SHB Sherwin Tacod 0-0: Foul Ball, location: 2F
0-1: Called Strike
0-2: Ball
1-2: Strikes out swinging
Bottom of the 1st over - 0 runs, 1 hit, 0 errors, 1 left on base; Crowley 1 - Twinsburg 0
TOP OF THE 2ND
Crowley Cajuns batting - Pitching for Twinsburg Tigers : RHP Billy Ramsey
Batting: RHB Pedro Ramos 0-0: Ground out 5-3 (Groundball, 56, EV 106.2 MPH)
Batting: LHB Kun Chieu 0-0: Ball
1-0: Foul Ball, location: 2F
1-1: Ball
2-1: Ball
3-1: Foul Ball, location: 2F
3-2: Base on Balls
Batting: RHB Li-ren Ren 0-0: Called Strike
0-1: Ball
1-1: Ball
2-1: Called Strike
2-2: Ball
3-2: Base on Balls
Kun Chieu to second
Batting: RHB Bill Palmer 0-0: Swinging Strike
0-1: Sac Bunt to 5S - play at third, runner OUT! 5-6
Li-ren Ren to second
Batting: RHB Jślio Muńóz 0-0: Ball
1-0: Called Strike
1-1: Fly out, F9 (Line Drive, 9, EV 90.0 MPH)
Top of the 2nd over - 0 runs, 0 hits, 0 errors, 2 left on base; Crowley 1 - Twinsburg 0
BOTTOM OF THE 2ND
Twinsburg Tigers batting - Pitching for Crowley Cajuns : RHP Russ T. Nayle
Batting: RHB Ernie Lewis 0-0: Ball
1-0: Ball
2-0: Fly out, F7 (Flyball, 7D, EV 95.0 MPH)
Batting: LHB Keith Garner 0-0: Swinging Strike
0-1: Swinging Strike
0-2: Strikes out swinging
Batting: RHB Aaron Carter 0-0: Called Strike
0-1: Ball
1-1: Swinging Strike
1-2: Foul Ball, location: 2F
1-2: Ground out U3 (Groundball, 3L, EV 88.8 MPH)
Bottom of the 2nd over - 0 runs, 0 hits, 0 errors, 0 left on base; Crowley 1 - Twinsburg 0
TOP OF THE 3RD
Crowley Cajuns batting - Pitching for Twinsburg Tigers : RHP Billy Ramsey
Batting: RHB Noel Bourke 0-0: Ball
1-0: Ball
2-0: Called Strike
2-1: SINGLE (Flyball, 9LS, EV 86.2 MPH)
Batting: RHB Shuan-yan Bu 0-0: Foul Ball, location: 2F
0-1: Swinging Strike
0-2: Strikes out swinging
Batting: RHB Maurice Wrightson 0-0: Called Strike
0-1: Foul Ball, location: 2F
0-2: Fielders Choice at 2nd, 6-4 (Groundball, 6, EV 110.0 MPH)
Batting: RHB Allan Selkirk 0-0: Ball
Wild Pitch!
Maurice Wrightson to second
1-0: Ground out 5-3 (Groundball, 5S, EV 81.2 MPH)
Top of the 3rd over - 0 runs, 1 hit, 0 errors, 1 left on base; Crowley 1 - Twinsburg 0
BOTTOM OF THE 3RD
Twinsburg Tigers batting - Pitching for Crowley Cajuns : RHP Russ T. Nayle
Batting: RHB Claude Harper 0-0: Called Strike
0-1: Ball
1-1: Ball
2-1: Ground out 6-3 (Groundball, 6, EV 76.2 MPH)
Batting: RHB Tim Davis 0-0: Ball
1-0: Ground out U3 (Groundball, 34S, EV 80.6 MPH)
Batting: RHB Alex Kelley 0-0: SINGLE (Flyball, 7LM, EV 91.2 MPH)
Batting: RHB Roland Thomas 0-0: Ball
1-0: Foul Ball, location: 2F
1-1: Ball
2-1: Foul Ball, location: 2F
2-2: Ball
3-2: Foul Ball, location: 2F
3-2: Foul Ball, location: 2F
3-2: Ground out 4-3 (Groundball, 4, EV 87.5 MPH)
Bottom of the 3rd over - 0 runs, 1 hit, 0 errors, 1 left on base; Crowley 1 - Twinsburg 0
TOP OF THE 4TH
Crowley Cajuns batting - Pitching for Twinsburg Tigers : RHP Billy Ramsey
Batting: RHB Pedro Ramos 0-0: Called Strike
0-1: Ball
1-1: Foul Ball, location: 2F
1-2: Ball
2-2: Strikes out swinging
Batting: LHB Kun Chieu 0-0: Ball
1-0: Foul Ball, location: 2F
1-1: Called Strike
1-2: Ball
2-2: Ground out 6-3 (Groundball, 4MS, EV 87.5 MPH)
Batting: RHB Li-ren Ren 0-0: Fly out, F8 (Line Drive, 8LM, EV 89.4 MPH)
Top of the 4th over - 0 runs, 0 hits, 0 errors, 0 left on base; Crowley 1 - Twinsburg 0
BOTTOM OF THE 4TH
Twinsburg Tigers batting - Pitching for Crowley Cajuns : RHP Russ T. Nayle
Batting: LHB Ray Winters 0-0: Foul Ball, location: 2F
0-1: Ball
1-1: Ground out 4-3 (Groundball, 4S, EV 90.6 MPH)
Batting: SHB Sherwin Tacod 0-0: Ball
1-0: Called Strike
1-1: Ball
2-1: Ball
3-1: Called Strike
3-2: Base on Balls
Batting: RHB Ernie Lewis 0-0: Ball
Wild Pitch!
Sherwin Tacod to second
1-0: Ball
Sherwin Tacod is caught stealing 3rd base 2-5
2-0: Called Strike
2-1: TRIPLE (Flyball, 89XD, EV 89.4 MPH)
Batting: LHB Keith Garner 0-0: Fly out, F9 (Line Drive, 8RM, EV 92.5 MPH)
Bottom of the 4th over - 0 runs, 1 hit, 0 errors, 1 left on base; Crowley 1 - Twinsburg 0
TOP OF THE 5TH
Crowley Cajuns batting - Pitching for Twinsburg Tigers : RHP Billy Ramsey
Batting: RHB Bill Palmer 0-0: Ball
1-0: Fly out, F8 (Line Drive, 8LD, EV 94.4 MPH)
Batting: RHB Jślio Muńóz 0-0: Ground out 5-3 (Groundball, 56, EV 98.1 MPH)
Batting: RHB Noel Bourke 0-0: Called Strike
0-1: Ball
1-1: Swinging Strike
1-2: Strikes out swinging
Top of the 5th over - 0 runs, 0 hits, 0 errors, 0 left on base; Crowley 1 - Twinsburg 0
BOTTOM OF THE 5TH
Twinsburg Tigers batting - Pitching for Crowley Cajuns : RHP Russ T. Nayle
Batting: RHB Aaron Carter 0-0: Ball
1-0: Foul Ball, location: 2F
1-1: Called Strike
1-2: Foul Ball, location: 2F
1-2: Strikes out swinging
Batting: RHB Claude Harper 0-0: Ball
1-0: Foul Ball, location: 2F
1-1: SINGLE (Groundball, 6, EV 80.0 MPH) (infield hit)
Batting: RHB Tim Davis 0-0: Called Strike
0-1: Foul Ball, location: 2F
0-2: Strikes out swinging
Batting: RHB Alex Kelley 0-0: Called Strike
0-1: Ball
1-1: Foul Ball, location: 2F
1-2: Ball
2-2: Foul Ball, location: 2F
2-2: Fly out, F3 (Popup, 3SF, EV 80.0 MPH)
Bottom of the 5th over - 0 runs, 1 hit, 0 errors, 1 left on base; Crowley 1 - Twinsburg 0
TOP OF THE 6TH
Crowley Cajuns batting - Pitching for Twinsburg Tigers : RHP Billy Ramsey
Batting: RHB Shuan-yan Bu 0-0: Ball
1-0: Swinging Strike
1-1: Swinging Strike
1-2: Strikes out looking
Batting: RHB Maurice Wrightson 0-0: Foul Ball, location: 2F
0-1: Ball
1-1: Foul Ball, location: 2F
1-2: Foul Ball, location: 2F
1-2: Strikes out swinging
Batting: RHB Allan Selkirk 0-0: Ball
1-0: Ground out 6-3 (Groundball, 6M, EV 98.1 MPH)
Top of the 6th over - 0 runs, 0 hits, 0 errors, 0 left on base; Crowley 1 - Twinsburg 0
BOTTOM OF THE 6TH
Twinsburg Tigers batting - Pitching for Crowley Cajuns : RHP Russ T. Nayle
Batting: RHB Roland Thomas 0-0: Called Strike
0-1: Reached on error, E4 (Groundball, 4, EV 101.2 MPH)
Batting: LHB Ray Winters 0-0: Ball
1-0: Foul Ball, location: 2F
1-1: Called Strike
1-2: SINGLE (Flyball, 78S, EV 93.1 MPH)
Roland Thomas to third
Runner from 3rd tries for Home, SAFE, no throw by CF
Pitching: LHP Lorenzo Pineda
Batting: SHB Sherwin Tacod 0-0: Ball
1-0: Ball
2-0: Ball
3-0: Base on Balls
Ray Winters to second
Batting: RHB Ernie Lewis 0-0: Fly out, F4 (Popup, 3S, EV 76.2 MPH)
Batting: LHB Keith Garner 0-0: Ball
Ray Winters steals 3rd base
Sherwin Tacod to second
1-0: Ball
2-0: Foul Ball, location: 2F
2-1: Fly out, F8 (Flyball, 8RM, EV 84.4 MPH)
Batting: RHB Aaron Carter 0-0: DOUBLE (Line Drive, 7LS, EV 88.8 MPH)
Ray Winters scores
Sherwin Tacod scores
Batting: RHB Claude Harper 0-0: Ball
1-0: Ball
2-0: Foul Ball, location: 2F
2-1: Ball
3-1: Base on Balls
Batting: RHB Tim Davis 0-0: Swinging Strike
0-1: Called Strike
0-2: Strikes out looking
Bottom of the 6th over - 3 runs, 2 hits, 1 error, 2 left on base; Crowley 1 - Twinsburg 3
TOP OF THE 7TH
Crowley Cajuns batting - Pitching for Twinsburg Tigers : RHP Billy Ramsey
Batting: RHB Pedro Ramos 0-0: Ball
1-0: Ball
2-0: Called Strike
2-1: SINGLE (Groundball, 56D, EV 98.1 MPH)
Batting: LHB Kun Chieu 0-0: Called Strike
0-1: Swinging Strike
0-2: Ball
1-2: Ball
2-2: Strikes out swinging
Batting: RHB Li-ren Ren 0-0: Called Strike
0-1: Ball
1-1: Foul Ball, location: 2F
1-2: Ball
2-2: Fly out, F9 (Flyball, 9D, EV 88.1 MPH)
Batting: RHB Bill Palmer 0-0: Called Strike
0-1: Ball
1-1: Fielders Choice at 2nd, 6-4 (Groundball, 6, EV 100.0 MPH)
Top of the 7th over - 0 runs, 1 hit, 0 errors, 1 left on base; Crowley 1 - Twinsburg 3
BOTTOM OF THE 7TH
Twinsburg Tigers batting - Pitching for Crowley Cajuns : LHP Lorenzo Pineda
Batting: RHB Alex Kelley 0-0: Ball
1-0: Called Strike
1-1: Called Strike
1-2: Ball
2-2: Ball
3-2: Base on Balls
Batting: RHB Roland Thomas 0-0: Ball
1-0: Ball
2-0: Bunted foul
2-1: Sac Bunt to 15S - play at first, batter OUT! 1-4
Alex Kelley to second
Batting: LHB Ray Winters 0-0: Called Strike
Alex Kelley is caught stealing 3rd base 2-5
0-1: Ball
1-1: Ball
2-1: Called Strike
2-2: SINGLE (Groundball, 6MS, EV 63.1 MPH) (infield hit)
Batting: SHB Sherwin Tacod 0-0: Ball
1-0: Called Strike
1-1: Ball
2-1: Foul Ball, location: 2F
2-2: Foul Ball, location: 2F
2-2: Ball
3-2: Fly out, F4 (Line Drive, 4, EV 69.4 MPH)
Bottom of the 7th over - 0 runs, 1 hit, 0 errors, 1 left on base; Crowley 1 - Twinsburg 3
TOP OF THE 8TH
Crowley Cajuns batting - Pitching for Twinsburg Tigers : RHP Billy Ramsey
Pitching: LHP Steve Dimond
Now at 1B: Ole Geenen
Batting: RHB Jślio Muńóz 0-0: Called Strike
0-1: Ball
1-1: Ball
2-1: Foul Ball, location: 2F
2-2: Ball
3-2: Strikes out swinging
Batting: RHB Noel Bourke 0-0: Fly out, F8 (Line Drive, 8RM, EV 101.9 MPH)
Batting: RHB Shuan-yan Bu 0-0: Called Strike
0-1: Ball
1-1: Ball
2-1: Fly out, F7 (Line Drive, 7D, EV 90.6 MPH)
Top of the 8th over - 0 runs, 0 hits, 0 errors, 0 left on base; Crowley 1 - Twinsburg 3
BOTTOM OF THE 8TH
Twinsburg Tigers batting - Pitching for Crowley Cajuns : LHP Lorenzo Pineda
Batting: RHB Ernie Lewis 0-0: Ball
1-0: Ground out 6-3 (Groundball, 56, EV 103.1 MPH)
Batting: LHB Keith Garner 0-0: Foul Ball, location: 2F
0-1: Ball
1-1: Foul Ball, location: 2F
1-2: Ball
2-2: Fly out, F6 (Flyball, 56D, EV 85.6 MPH)
Batting: RHB Aaron Carter 0-0: Ball
1-0: Foul Ball, location: 2F
1-1: Foul Ball, location: 2F
1-2: SINGLE (Groundball, 6D, EV 102.5 MPH)
Batting: RHB Claude Harper 0-0: Ball
1-0: Foul Ball, location: 2F
1-1: Swinging Strike
1-2: Strikes out swinging
Bottom of the 8th over - 0 runs, 1 hit, 0 errors, 1 left on base; Crowley 1 - Twinsburg 3
TOP OF THE 9TH
Crowley Cajuns batting - Pitching for Twinsburg Tigers : LHP Steve Dimond
Pitching: RHP Vicente Zanga
Batting: RHB Maurice Wrightson 0-0: TRIPLE (Line Drive, 78XD, EV 104.4 MPH)
Batting: RHB Allan Selkirk 0-0: Ball
1-0: Ball
2-0: Ball
3-0: Called Strike
3-1: Base on Balls
Batting: RHB Pedro Ramos 0-0: Called Strike
0-1: Foul Ball, location: 2F
0-2: Reached on error, E4 (Groundball, 4MD, EV 96.9 MPH)
Maurice Wrightson scores
Allan Selkirk to second
Batting: LHB Kun Chieu 0-0: Bunted foul
0-1: Bunted foul
0-2: Ball
1-2: SINGLE (Groundball, 4MD, EV 93.8 MPH)
Allan Selkirk to third
Pedro Ramos to second
Runner from 3rd tries for Home, SAFE, throw by CF to home
Pitching: RHP Emery William
Batting: RHB Li-ren Ren 0-0: Bunted foul
0-1: Sac Bunt to 15S - play at first, batter OUT! 1-4
Pedro Ramos to third
Kun Chieu to second
Pinch Hitting: RHB José Morales 0-0: Called Strike
0-1: Ground out 5-3 (Groundball, 56S, EV 85.6 MPH)
Batting: RHB Jślio Muńóz 0-0: Intentional Walk
Batting: RHB Noel Bourke 0-0: Fielders Choice at 2nd, 6-4 (Groundball, 6, EV 86.9 MPH)
Top of the 9th over - 2 runs, 2 hits, 1 error, 3 left on base; Crowley 3 - Twinsburg 3
BOTTOM OF THE 9TH
Twinsburg Tigers batting - Pitching for Crowley Cajuns : LHP Lorenzo Pineda
Now in LF: Eduardo Fernįndez
Pinch Hitting: LHB Rommel Fflunker 0-0: Ball
1-0: SINGLE (Groundball, 4MD, EV 100.0 MPH)
Pitching: RHP Shao-zu Chow
Pinch Hitting: LHB Bill Wilson 0-0: Foul Ball, location: 2F
0-1: Swinging Strike
0-2: Ball
1-2: Ball
2-2: Foul Ball, location: 2F
2-2: Ball
3-2: Base on Balls
Rommel Fflunker to second
Batting: LHB Ole Geenen 0-0: Ball
1-0: Ball
2-0: Ball
3-0: Foul Ball, location: 2F
3-1: Called Strike
3-2: Foul Ball, location: 2F
3-2: Foul Ball, location: 2F
3-2: Base on Balls
Rommel Fflunker to third
Bill Wilson to second
Batting: LHB Ray Winters 0-0: Ball
1-0: Ball
2-0: Fly out, F8 (Flyball, 89D, EV 86.9 MPH)
Runner from 3rd tags up, SCORES, throw by CF
Friday, March 26th, 2021 - OOTP Baseball 20.8 Build 74